 Dungeon Crawl Stone Soup version 0.30.1-3-gfc49f6343a (webtiles) character file.

Game seed: 1696164031571787452

76 Destapler the Slicer (level 4, -1/34 HPs)
             Began as a Gnoll Wanderer on July 18, 2023.
             Was a Follower of Makhleb.
             Killed from afar by Sigmund (4 damage)
             ... with a magic dart
             ... on level 3 of the Dungeon.
             The game lasted 00:06:50 (2060 turns).

Destapler the Slicer (Gnoll Wanderer)               Turns: 2060, Time: 00:06:51

Health: -1/34      AC:  3    Str: 11    XL:     4   Next: 32%
Magic:  5/5        EV: 11    Int:  9    God:    Makhleb [*.....]
Gold:   111        SH:  5    Dex: 16    Spells: 5/5 levels left

rFire   . . .        a - +2 short sword
rCold   . . .        c - +0 buckler
rNeg    . . .        e - +0 leather armour
rPois   .            (no helmet)
rElec   .            (no cloak)
rCorr   .            (no gloves)
SInv    .            (no boots)
Will    .....        (no amulet)
Stlth   ++           (no ring)
HPRegen 0.25/turn    (no ring)
MPRegen 0.09/turn

%: no passive effects
@: no status effects
A: fangs 1, strong nose, distributed training
a: Renounce Religion


You were on level 3 of the Dungeon.
You worshipped Makhleb.
Makhleb was aware of your devotion.
You visited 1 branch of the dungeon, and saw 3 of its levels.

You collected 111 gold pieces.

Inventory:

Hand Weapons
 a - a +2 short sword (weapon)
 b - a +0 quarterstaff
 d - a +0 heavy spear
Missiles
 h - 3 poisoned darts (quivered)
 n - 6 boomerangs
Armour
 c - a +0 buckler (worn)
 e - a +0 leather armour (worn)
Jewellery
 s - a ring of positive energy
Scrolls
 f - a scroll of enchant armour {unknown}
 k - a scroll of poison {unknown}
 l - a scroll of noise {unknown}
 o - a scroll of teleportation {unknown}
 r - a scroll of immolation {unknown}
 u - 4 scrolls of magic mapping {unknown}
Potions
 i - a potion of brilliance
 j - 2 potions of degeneration
 m - a potion of heal wounds {unknown}
 p - 2 potions of resistance
 q - a potion of berserk rage {unknown}
 v - a potion of attraction {unknown}


   Skills:
 + Level 2.7 Fighting
 + Level 8.5 Short Blades
 + Level 1.1 Long Blades
 + Level 1.1 Axes
 + Level 1.1 Maces & Flails
 + Level 1.1 Polearms
 + Level 6.6 Staves
 + Level 1.1 Ranged Weapons
 + Level 1.1 Throwing
 + Level 1.1 Armour
 + Level 1.1 Dodging
 + Level 1.1 Stealth
 + Level 4.6 Shields
 + Level 1.1 Unarmed Combat
 + Level 1.1 Spellcasting
 + Level 0.9 Conjurations
 + Level 0.9 Hexes
 + Level 0.9 Summonings
 + Level 0.9 Necromancy
 + Level 0.9 Translocations
 + Level 0.9 Transmutations
 + Level 0.9 Fire Magic
 + Level 0.9 Ice Magic
 + Level 0.9 Air Magic
 + Level 0.9 Earth Magic
 + Level 0.9 Poison Magic
 + Level 1.2 Invocations
 + Level 1.1 Evocations


You had 5 spell levels left.
You didn't know any spells.
Your spell library contained the following spells:

 Spells                   Type           Power      Damage    Failure   Level
 Slow                     Hex            8%         N/A       43%         1


Dungeon Overview and Level Annotations

Branches:
Dungeon (3/15)

Altars:
Makhleb

Annotations:
D:3 Sigmund


Innate Abilities, Weirdness & Mutations

You have very sharp teeth.
Your uncanny sense of smell can sniff out nearby items.
Your experience applies equally to all skills.


Message History

Throw: throwing net
Press: ? - help, Shift-Dir - straight line, f/p - Sigmund
Aim: Sigmund, wielding a +0 scythe and wearing a +0 robe (57% to hit)
You throw a throwing net. The throwing net barely misses Sigmund.
Sigmund barely misses you.
You don't have any such object.
Fire/throw/use which item? ([*] to toss any item) (? for menu, Esc to quit)
Okay, then.
You throw a poisoned dart.
The poisoned dart barely misses Sigmund.
You throw a poisoned dart.
The poisoned dart closely misses Sigmund.
Sigmund hits you from afar with a +0 scythe.
You throw a poisoned dart. The poisoned dart hits Sigmund.
Sigmund is poisoned.
Sigmund closely misses you.
You throw a poisoned dart.
The poisoned dart closely misses Sigmund.
You throw a poisoned dart.
The poisoned dart closely misses Sigmund.
Sigmund barely misses you.
You throw a poisoned dart.
The poisoned dart barely misses Sigmund.
Sigmund hits you from afar with a +0 scythe.
You throw a poisoned dart.
The poisoned dart barely misses Sigmund.
You throw a poisoned dart.
The poisoned dart closely misses Sigmund.
Sigmund hits you from afar with a +0 scythe!
* * * LOW HITPOINT WARNING * * *
Sigmund smiles chillingly.
Sigmund looks more healthy.
Sigmund casts a spell.
Sigmund flickers and vanishes!
Deactivating autopickup; reactivate with Ctrl-A.
A magic dart appears from out of thin air!
The magic dart hits you!
* * * LOW HITPOINT WARNING * * *
A magic dart appears from out of thin air!
The magic dart hits you.
You die...

#.#..........#....)..###
#.#.##############.....#
#.############ #.....#
#............# #.....# #
############'#####.....##.
...##...............#.. ...#
#.##...............#.. ...#
##..................... ..
..# #.....@..........###...
..
###.###.......#####..........
.#. ...##..{.....#
#....#.#...
..@.###..#...######
#....#.#(<. ....'.)..#.†.#
#... #.#... ....###..(...# ##
#..... #....(S.(..### ....#..
#..........# #..#.##..
####.......# .. #.##..


There were no monsters in sight!

Vanquished Creatures
  3 adders
  A worm (D:3)
  3 dart slugs
  An orc (D:3)
  5 ball pythons
  3 bats
  2 endoplasms
  A giant cockroach (D:3)
  A hobgoblin (D:2)
  3 jackals (D:2)
  4 kobolds
  6 frilled lizards
  6 goblins
  2 rats
41 creatures vanquished.

Notes
Turn   | Place    | Note
-------+----------+-------------------------------------------
     0 | D:1      | Destapler the Gnoll Wanderer began the quest for the Orb.
     0 | D:1      | Destapler set off with the following items: a +2 short
                  | sword, a +0 quarterstaff, a +0 buckler, a scroll of fog, a
                  | +0 leather armour.
     0 | D:1      | Reached XP level 1. HP: 17/17 MP: 1/1
     0 | D:1      | Noticed an ogre
     3 | D:1      | Noticed a naga
     5 | D:1      | Noticed a felid
     6 | D:1      | Noticed a troll
     8 | D:1      | Noticed a dwarf
     9 | D:1      | Noticed a felid
    11 | D:1      | Noticed a vampire
    11 | D:1      | Noticed a troll
    13 | D:1      | Noticed a tengu
    13 | D:1      | Noticed a troll
    15 | D:1      | Noticed a gargoyle
    17 | D:1      | Noticed a demonspawn
    19 | D:1      | Noticed an ogre
    19 | D:1      | Noticed a tengu
    21 | D:1      | Noticed a gargoyle
   333 | D:1      | Reached XP level 2. HP: 22/23 MP: 2/2
   930 | D:2      | Reached XP level 3. HP: 11/28 MP: 2/4
  1226 | D:2      | Reached skill level 1 in Invocations
  1372 | D:2      | Reached skill level 1 in Long Blades
  1372 | D:2      | Reached skill level 1 in Axes
  1372 | D:2      | Reached skill level 1 in Maces & Flails
  1372 | D:2      | Reached skill level 1 in Polearms
  1372 | D:2      | Reached skill level 1 in Ranged Weapons
  1372 | D:2      | Reached skill level 1 in Throwing
  1372 | D:2      | Reached skill level 1 in Armour
  1372 | D:2      | Reached skill level 1 in Dodging
  1372 | D:2      | Reached skill level 1 in Stealth
  1372 | D:2      | Reached skill level 1 in Unarmed Combat
  1372 | D:2      | Reached skill level 1 in Spellcasting
  1372 | D:2      | Reached skill level 1 in Evocations
  1715 | D:3      | Found a faded altar of an unknown god.
  1733 | D:3      | Noticed Sigmund
  1735 | D:3      | Got Plato's Codex of the Wyrd
  1829 | D:3      | Prayed at the altar of an unknown god.
  1829 | D:3      | Became a worshipper of Makhleb the Destroyer
  1829 | D:3      | Reached * piety under Makhleb
  1878 | D:3      | Reached XP level 4. HP: 34/34 MP: 5/5
  2060 | D:3      | Killed from afar by Sigmund

Illustrated notes

Levels and vault maps discovered:
D:1:      shiori_arrival_whats_in_store_for_you, layout_loops_corners
D:2:      layout_loops_ring
D:3:      layout_basic, shapermc_ecumenical_altar_rom_forum, uniq_grinder,
          uniq_sigmund, uniq_crazy_yiuf_cottage

Skill      XL: |  1  2  3 |
---------------+----------+-----
Invocations    | 1 |  1.2
Long Blades    | 1 |  1.1
Axes           | 1 |  1.1
Maces & Flails | 1 |  1.1
Polearms       | 1 |  1.1
Ranged Weapons | 1 |  1.1
Throwing       | 1 |  1.1
Armour         | 1 |  1.1
Dodging        | 1 |  1.1
Stealth        | 1 |  1.1
Unarmed Combat | 1 |  1.1
Spellcasting   | 1 |  1.1
Evocations     | 1 |  1.1
Fighting       | |  2.7
Short Blades   | |  8.5
Staves         | |  6.6
Shields        | |  4.6
Conjurations   | |  0.9
Hexes          | |  0.9
Summonings     | |  0.9
Necromancy     | |  0.9
Translocations | |  0.9
Transmutations | |  0.9
Fire Magic     | |  0.9
Ice Magic      | |  0.9
Air Magic      | |  0.9
Earth Magic    | |  0.9
Poison Magic   | |  0.9

Action                     |  1- 3 |  4- 6 || total
---------------------------+-------+-------++-------
  Melee: Short sword       |   102 |    16 ||   118
         Bite              |    13 |       ||    13
  Throw: Dart              |     5 |    10 ||    15
         Throwing net      |       |     1 ||     1
    Use: Scroll            |     1 |     3 ||     4
   Stab: Sleeping          |     2 |       ||     2
 Armour: Leather armour    |    27 |     3 ||    30
  Dodge: Dodged            |    38 |     8 ||    46
  Block: Buckler           |    24 |     2 ||    26
